 Dungeon Crawl Stone Soup version 0.29.1-1-gd02db6906a (webtiles) character file.

Game seed: 10059227449604574656

452 Sanktem7 the Chopper (level 6, -6/60 HPs)
             Began as a Minotaur Berserker on Sept 19, 2022.
             Was a Priest of Trog.
             Blown up by Ijyb (12 damage)
             ... with a mindburst bolt
             ... on level 4 of the Dungeon on Sept 20, 2022.
             The game lasted 00:08:27 (3666 turns).

Sanktem7 the Chopper (Minotaur Berserker)           Turns: 3666, Time: 00:08:27

Health: -6/60      AC:  9    Str: 23    XL:     6   Next: 75%
Magic:  5/5        EV:  8    Int:  4    God:    Trog [***...]
Gold:   135        SH:  0    Dex: 10    Spells: 5/5 levels left

rFire   x . .      SeeInvis .   a - +0 hand axe {axe}
rCold   + . .      Faith    .   (no shield)
rNeg    . . .      Spirit   .   l - +0 chain mail
rPois   .          Reflect  .   (helmet restricted)
rElec   .          Harm     .   m - +0 cloak
rCorr   .          Rampage  .   (no gloves)
Will    .....                   (no boots)
Stlth   ..........              (no amulet)
HPRegen 0.20/turn               o - +4 ring of slaying
MPRegen 0.09/turn               g - ring of ice

@: no status effects
A: horns 2, retaliatory headbutt
a: Renounce Religion, Berserk, Trog's Hand


You were on level 4 of the Dungeon.
You worshipped Trog.
Trog was most pleased with you.
You visited 1 branch of the dungeon, and saw 4 of its levels.

You collected 135 gold pieces.


Innate Abilities, Weirdness & Mutations

You have a pair of horns on your head.
You reflexively headbutt those who attack you in melee.


   Skills:
 * Level 7.0 Fighting
 * Level 7.0 Axes
 - Level 2.4 Armour
 - Level 2.1 Dodging


You had 5 spell levels left.
You didn't know any spells.
Your spell library contained the following spells:

 Spells                   Type           Power      Damage    Failure   Level
 Confusing Touch          Hex            0%         N/A       100%        3
 Dazzling Flash           Conj/Hex       0%         N/A       100%        3
 Inner Flame              Hex/Fire       0%         N/A       100%        3
 Animate Dead             Necr           0%         N/A       100%        4
 Cause Fear               Hex            0%         N/A       100%        4
 Borgnjor's Vile Clutch   Necr/Erth      0%         N/A       100%        5
 Death Channel            Necr           0%         N/A       100%        6
 Enfeeble                 Hex            0%         N/A       100%        7

Inventory:

Hand Weapons
 a - a +0 hand axe (weapon) {axe}
 v - a +1 short sword of freezing {short}
   (You took it off an orc on level 4 of the Dungeon)
 x - a +1 dagger of venom {short}
   (You took it off an orc wizard on level 4 of the Dungeon)
Missiles
 b - 38 stones {throwing}
 e - 4 boomerangs {throwing}
 h - 16 poisoned darts (quivered) {throwing}
Armour
 d - a +0 robe
   (You found it on level 4 of the Dungeon)
 l - a +0 chain mail (worn)
   (You found it on level 1 of the Dungeon)
 m - a +0 cloak (worn)
   (You found it on level 2 of the Dungeon)
 u - a +0 leather armour
   (You took it off an orc on level 4 of the Dungeon)
 w - a +0 leather armour
   (You took it off an orc on level 4 of the Dungeon)
 y - a +0 robe
   (You took it off an orc wizard on level 4 of the Dungeon)
Jewellery
 g - a ring of ice (right hand)
   (You found it on level 2 of the Dungeon)
 o - a +4 ring of slaying (left hand)
   (You found it on level 3 of the Dungeon)
Scrolls
 f - a scroll of enchant weapon
 i - a scroll of teleportation {@r4}
 j - a scroll of poison {!r}
 n - a scroll of fog
 s - a scroll of magic mapping {unknown}
Potions
 c - a potion of haste {@q3}
 k - a potion of cancellation
 p - a potion of attraction {unknown}
 q - a potion of flight {unknown}
 r - a potion of might {unknown}
 t - a potion of curing {unknown}

Dungeon Overview and Level Annotations

Branches:
Dungeon (4/15) Zot: 20325
 Temple: D:4-7

Altars:
Vehumet

Annotations:
D:4 Ijyb

########### #.......).#
###.#+#####.........#
...........)...o....#
........###...##g########
........# #...##<........
........# #...##@........
......### #...##.####...#
..go.. ######.# ..#
...... ########.# ......
+......#.#
..######.#.####..
.......†..........
.#######)#.#####..
#######)#.#####.


You could see Ijyb and an orc.


Message History

You are too injured to fight recklessly!
You are too injured to fight recklessly!
You are too injured to fight recklessly!
You are too injured to fight recklessly!
You are too injured to fight recklessly!
You are too injured to fight recklessly!
You are too injured to fight recklessly!
You are too injured to fight recklessly!
You are too injured to fight recklessly!
You are too injured to fight recklessly!
You are too injured to fight recklessly! 😕 HP[+1]
You slash the ogre! You headbutt the ogre!
You kill the ogre!
Trog accepts your kill. The hound bites you but does no damage.
Things that are here:
a +0 giant club {mace}; an ogre corpse You slash the hound!
The hound bites you but does no damage. The hound bites you. 😮 HP[-3]
You take 3 damage, and now have 41/58 hp.
You hit the hound. The hound barely misses you.
You hit the hound. The hound bites you.
The hound bites you but does no damage. 😮 HP[-2]
You take 2 damage, and now have 39/58 hp.
You closely miss the hound.
The hound bites you but does no damage. 😮 HP[+1]
You closely miss the hound. Your headbutt misses the hound.
The hound bites you. x2 😮 HP[-4]
You take 4 damage, and now have 36/58 hp.
You slash the hound!
You kill the hound!
Trog accepts your kill.
Ijyb the Twisted Goblin comes into view.
She is wielding a +0 dagger and carrying a wand of mindburst (5).
An orc comes into view.
It is wielding a +2 war axe of electrocution. 😎 HP[+22]
Your hp is fully restored (58).
Unknown command.
An orc priest comes into view. It is wielding a +0 flail.
Ijyb shouts!
The orc priest shouts!
You hear an angry growl.
Ijyb zaps a wand.
Your mind is blasted! 😕 HP[-14]
You take 14 damage, and now have 44/58 hp.
MASSIVE DAMAGE!! (PAUSE) 😕 HP[+1] 😕 HP[+1]
The orc priest calls down the wrath of Beogh upon you.
Beogh smites you!
You hear a shout! 😮 HP[-12]
You take 12 damage, and now have 34/58 hp.
MASSIVE DAMAGE!! (PAUSE)
The orc shouts!
The orc priest hits you with a +0 flail. 😮 HP[-1]
You take 1 damage, and now have 33/58 hp.
You hit the orc priest. You headbutt the orc priest. You hit Ijyb.
A black bear comes into view.
The orc priest closely misses you. You furiously retaliate!
You headbutt the orc priest. Ijyb hits you but does no damage.
The black bear growls angrily.
You slash the orc priest! You closely miss Ijyb.
Ijyb hits you but does no damage.
An orc comes into view. It is wielding a +0 mace.
The orc priest begins to cast a cantrip, but forgets the words!
You hit the orc priest. You hit Ijyb.
The orc priest hits you with a +0 flail.
* * * LOW HITPOINT WARNING * * *
Ijyb grins evilly.
Ijyb barely misses you. 😨 HP[-6]
You take 6 damage, and now have 27/58 hp.
You slash the orc priest!
You kill the orc priest!
Trog accepts your kill.
You slash Ijyb!
Ijyb zaps a wand.
Your mind is blasted!
* * * LOW HITPOINT WARNING * * *
Your Fighting skill increases to level 7!
Your Axes skill increases to level 7! 😱 HP[-13]
You now have 60 max hp (+2).
You take 13 damage, and now have 14/60 hp.
MASSIVE DAMAGE!! (PAUSE) Unknown command.
Ijyb zaps a wand.
Your mind is blasted!
* * * LOW HITPOINT WARNING * * *
😱 HP[-8]
You take 8 damage, and now have 6/60 hp.
There is an open door, spattered with blood here.
There is a stone staircase leading up here.
Ijyb attacks as you move away! Ijyb hits you but does no damage.
Ijyb zaps a wand.
Your mind is blasted!
You die...

Skill      XL: |  1  2  3  4  5  6 |
---------------+-------------------+-----
Fighting       | 4 5 6 7 |  7.0
Axes           | 4 5 6 7 |  7.0
Armour         | |  2.4
Dodging        | |  2.1

Action                   |  1- 3 |  4- 6 || total
-------------------------+-------+-------++-------
Melee: Hand axe          |    71 |   156 ||   227
       Headbutt          |     9 |    21 ||    30
       Punch             |     1 |     1 ||     2
  Use: Scroll            |       |     6 ||     6
Armor: Chain mail        |    32 |   103 ||   135
       Animal skin       |     3 |       ||     3
Dodge: Dodged            |    30 |    51 ||    81

Levels and vault maps discovered:
D:1:      psy_arrival_radial02, layout_basic
D:2:      layout_loops_ring, hellmonk_ecumenical_altar_dog_temple, basic_altar,
          st_stairs_10
D:3:      minmay_wonky_spiral, layout_basic, ebering_dispersal_statue_hall
D:4:      layout_basic, minmay_shop_grid_forest, amcnicky_mini_corridor_feature,
          corexii_leaking_fountain, uniq_ijyb, uniq_eustachio

Notes
Turn   | Place    | Note
-------+----------+-------------------------------------------
     0 | D:1      | Sanktem7 the Minotaur Berserker began the quest for the
                  | Orb.
     0 | D:1      | Reached XP level 1. HP: 19/19 MP: 0/0
     0 | D:1      | magus.rc [v1.9.6]
   445 | D:1      | HP: 4/20 [gnoll/+0 whip (4)]
   447 | D:1      | Reached skill level 4 in Fighting
   447 | D:1      | Reached skill level 4 in Axes
   447 | D:1      | Reached XP level 2. HP: 6/27 MP: 1/1
  1144 | D:2      | Reached XP level 3. HP: 12/34 MP: 2/2
  1187 | D:2      | Reached ** piety under Trog
  1198 | D:2      | HP: 5/34 [worm (5)]
  1520 | D:2      | Reached skill level 5 in Fighting
  1520 | D:2      | Reached XP level 4. HP: 42/42 MP: 3/3
  1635 | D:2      | Reached skill level 5 in Axes
  1640 | D:2      | You add the spells Dazzling Flash, Confusing Touch, Inner
                  | Flame, Cause Fear and Enfeeble to your library.
  1640 | D:2      | Got Ypop's Commentary on Bewitchment {forbidden}
  1675 | D:2      | Found a faded altar of an unknown god.
  1822 | D:2      | Found a radiant altar of Vehumet.
  2037 | D:2      | You pick up a book of Unlife {forbidden} and begin
                  | reading...
  2037 | D:2      | You add the spells Animate Dead, Borgnjor's Vile Clutch and
                  | Death Channel to your library.
  2525 | D:3      | Reached XP level 5. HP: 16/48 MP: 4/4
  2831 | D:3      | Reached *** piety under Trog
  3231 | D:4      | Reached skill level 6 in Fighting
  3231 | D:4      | Reached skill level 6 in Axes
  3233 | D:4      | Reached XP level 6. HP: 46/57 MP: 5/5
  3622 | D:4      | Noticed Ijyb
  3659 | D:4      | HP: 13/58 [disintegration (14)]
  3660 | D:4      | Reached skill level 7 in Fighting
  3660 | D:4      | Reached skill level 7 in Axes
  3663 | D:4      | HP: 6/60 [disintegration (9)]
  3666 | D:4      | Blown up by Ijyb

Vanquished Creatures
  An ogre (D:4)
  A scorpion (D:4)
  A hound (D:4)
  An orc priest (D:4)
  An orc wizard (D:4)
  A gnoll (D:1)
  12 adders
  A white imp (D:4)
  2 worms
  5 dart slugs
  7 orcs
  5 endoplasms
  3 giant cockroaches
  7 goblins
  2 hobgoblins
  9 jackals
  9 quokkas
  2 ball pythons
  7 bats
  7 frilled lizards
  4 kobolds
  4 rats
92 creatures vanquished.

Table legend:
 A = Non-vault XP
 B = Vault XP
 C = Vault XP percentage of total XP
 D = Non-vault monster count
 E = Vault monster count
 F = Vault count percentage of total count
                 A         B        C        D         E       F
            +---------+---------+-------+---------+---------+-------
      Total |     594 |      53 |   8.2 |      81 |      11 |  12.0
            +---------+---------+-------+---------+---------+-------
        D:1 |      33 |       0 |   0.0 |      14 |       0 |   0.0
        D:2 |      97 |      23 |  19.2 |      27 |       6 |  18.2
        D:3 |     109 |      30 |  21.6 |      24 |       5 |  17.2
        D:4 |     355 |       0 |   0.0 |      16 |       0 |   0.0
            +---------+---------+-------+---------+---------+-------

Illustrated notes

Table legend:
 A = Kills in this place as a percentage of kills in entire the game.
 B = Kills by you in this place as a percentage of kills by you in the entire game.
 C = Kills by friends in this place as a percentage of kills by friends in the entire game.
 D = Other kills in this place as a percentage of other kills in the entire game.
 E = Experience gained in this place as a percentage of experience gained in the entire game.
 F = Experience gained in this place divided by the number of levels of this place that you have seen.
                   A       B       C       D       E      F
               +-------+-------+-------+-------+-------+----------------------
         Total | 100.0 | 100.0 |   N/A |   N/A | 100.0 | 161.8
       Dungeon | 100.0 | 100.0 |   N/A |   N/A | 100.0 | 161.8
               +-------+-------+-------+-------+-------+----------------------

Table legend: (Time is in decaauts)
 A = Elapsed time spent in this place.
 B = Non-inter-level travel time spent in this place.
 C = Inter-level travel time spent in this place.
 D = Time resting spent in this place.
 E = Time spent auto-exploring this place.
 F = Levels seen in this place.
 G = Mean time per level.
                   A        B        C        D        E       F      G
               +--------+--------+--------+--------+--------+-----+--------+
         Total |   3674 |   3605 |     69 |    266 |   2759 |   4 |  918.5 |
       Dungeon |   3674 |   3605 |     69 |    266 |   2759 |   4 |  918.5 |
               +--------+--------+--------+--------+--------+-----+--------+

Top non-repeatable levels by time:
     D:2: 1253 daAuts
     D:1: 1137 daAuts
     D:3: 824 daAuts
     D:4: 458 daAuts
